 Dungeon Crawl Stone Soup version 0.20-a0-313-g10ed074 (webtiles) character file.

163 Junicave the Digger (level 5, 0/29 HPs)
             Began as a Gargoyle Earth Elementalist on Dec 20, 2016.
             Slain by a centaur (4 damage)
             ... on level 5 of the Dungeon.
             The game lasted 00:13:34 (3214 turns).

Junicave the Digger (Gargoyle Earth Elementalist)   Turns: 3214, Time: 00:13:35

Health: 0/29       AC: 10    Str: 11    XL:     5   Next: 44%
Magic:  4/9        EV:  7    Int: 17    God:
Gold:   136        SH:  7    Dex: 10    Spells: 5/9 levels left

rFire  . . .     SeeInvis .     v - +0 mace
rCold  + . .     Gourm    .     s - +0 ring mail
rNeg   + . .     Faith    .     o - +0 shield
rPois  ∞         Spirit   .     p - +0 helmet
rElec  +         Reflect  .     (no cloak)
rCorr  .         Harm     .     (no gloves)
MR     .....                    (no boots)
Stlth  +.........               (no amulet)
                                (no ring)
                                x - ring of protection from cold

@: very slightly contaminated
A: negative energy resistance 1, electricity resistance, unbreathing,
petrification resistance, rot immunity, AC +4
a: no special abilities


You were on level 5 of the Dungeon.
You were not hungry.

You visited 1 branch of the dungeon, and saw 4 of its levels.

You collected 136 gold pieces.

Inventory:

Hand Weapons
 i - a +0 club
 u - a +2 mace of crushing
 v - a +0 mace (weapon)
 y - a +0 flail of holy wrath
Missiles
 b - 163 stones (quivered)
Armour
 c - a +0 robe
 n - a +0 leather armour
 o - a +0 shield (worn)
 p - a +0 helmet (worn)
 s - a +0 ring mail (worn)
Jewellery
 x - a ring of protection from cold (left hand)
Scrolls
 a - 4 scrolls of identify {unknown}
 f - 2 scrolls of remove curse {unknown}
 j - a scroll of fog {unknown}
 m - 2 scrolls of teleportation {unknown}
 q - 2 scrolls of fear {unknown}
Potions
 g - a potion of brilliance {unknown}
 h - a potion of magic {unknown}
 k - a potion of curing
 r - a potion of degeneration {unknown}
 z - a potion of flight {unknown}
 A - a potion of invisibility {unknown}
Books
 e - a book of Geomancy

   Spells                             Type                      Level
   a - Sandblast                      Earth                        1
   b - Passwall                       Transmutation/Earth          2
   c - Stone Arrow                    Conjuration/Earth            3
   d - Petrify                        Transmutation/Earth          4
   e - Lee's Rapid Deconstruction     Earth                        5
Comestibles
 d - 3 bread rations
 l - a slice of pizza
 t - a meat ration
 w - 6 chunks of flesh


   Skills:
 + Level 1.2 Fighting
 + Level 1.3 Maces & Flails
 + Level 2.5 Armour
 - Level 1.5 Dodging
 - Level 2.1 Stealth
 + Level 1.2 Shields
 + Level 2.8 Spellcasting
 + Level 0.7 Conjurations
   Level 0.7 Transmutations
 * Level 4.7 Earth Magic


You had 5 spell levels left.
You knew the following spells:

 Your Spells              Type           Power        Failure   Level  Hunger
a - Sandblast             Erth           ###...       41%         1    #......
b - Stone Arrow           Conj/Erth      ##....       100%        3    ###....


Dungeon Overview and Level Annotations

Branches:
Dungeon (3/15)

Altars:
Hepliaklqana


Innate Abilities, Weirdness & Mutations

You are resistant to torment.
Your stone body is resilient. (AC +4)
You are immune to poison.
You resist negative energy. (rN+)
You are resistant to electric shocks. (rElec)
You can survive without breathing.
You are immune to petrification.
You are immune to rotting.


Message History

You hit the centaur.
The centaur is heavily wounded.
The centaur barely misses you.
The centaur hits you but does no damage.
You hit the centaur.
The centaur is severely wounded.
The centaur completely misses you. The centaur closely misses you.
You hit the centaur but do no damage.
The centaur is severely wounded.
The centaur hits you.
* * * LOW HITPOINT WARNING * * *
The centaur hits you but does no damage.
You hit the centaur.
The centaur is almost dead.
The centaur hits you but does no damage.
The centaur closely misses you.
You hit the centaur but do no damage.
The centaur is almost dead.
The centaur hits you.
You die...

# .. ... ######
.... ##(...####
.....#........#
.......(.......
.......@.......
......%c.......
......##.......
...... .....##
...... ....##
...... ...##
..... #..# ....
..#


You could see a centaur.

Vanquished Creatures
  Robin (D:3)
  5 adders
  2 oozes
  An adder zombie (D:1)
  3 dart slugs (D:1)
  2 worms
  3 orcs
  3 giant cockroaches
  14 goblins
  15 hobgoblins
  7 jackals
  4 kobolds
  A quokka (D:3)
  8 bats
  5 frilled lizards
  A giant cockroach zombie (D:1)
  3 rats
78 creatures vanquished.

Notes
Turn   | Place    | Note
-------+----------+-------------------------------------------
     0 | D:1      | Junicave the Gargoyle Earth Elementalist began the quest for the Orb.
     0 | D:1      | Reached XP level 1. HP: 10/10 MP: 3/3
   129 | D:1      | Reached skill level 1 in Armour
   129 | D:1      | Reached XP level 2. HP: 11/15 MP: 5/5
   786 | D:1      | Reached skill level 4 in Earth Magic
   786 | D:1      | Reached XP level 3. HP: 12/19 MP: 6/6
  1242 | D:2      | Reached skill level 1 in Maces & Flails
  1362 | D:2      | Learned a level 3 spell: Stone Arrow
  1423 | D:2      | Reached XP level 4. HP: 14/24 MP: 2/7
  2634 | D:3      | Noticed Robin
  2743 | D:3      | Killed Robin
  2743 | D:3      | Reached XP level 5. HP: 18/28 MP: 0/9
  2955 | D:3      | Reached skill level 1 in Fighting
  2989 | D:3      | Reached skill level 1 in Shields
  3162 | D:3      | Found a hazy altar of Hepliaklqana.
  3190 | D:3      | You fall through a shaft for 2 floors!
  3190 | D:5      | Entered Level 5 of the Dungeon
  3190 | D:5      | Noticed a centaur
  3214 | D:5      | Slain by a centaur

Vault maps used:
D:1:      saegor_arrival_fortress
D:2:      first_bread, lemuel_old_faithful
D:3:      overflow_temple_1_default, uniq_robin
D:5:      nemelex_xobeh_ov_fountains_minmay, serial_shops, nicolae_shop_trees

Skill      XL: |  1  2  3  4  5 |
---------------+----------------+-----
Armour         | 1 2 |  2.5
Earth Magic    | 4 |  4.7
Maces & Flails | 1 |  1.3
Fighting       | 1 |  1.2
Shields        | 1 |  1.2
Dodging        | |  1.5
Stealth        | |  2.1
Spellcasting   | |  2.8
Conjurations   | |  0.7
Transmutations | |  0.7

Action                   |  1- 3 |  4- 6 || total
-------------------------+-------+-------++-------
Melee: Unarmed           |    59 |       ||    59
       Club              |    15 |    28 ||    43
       Dagger            |     1 |       ||     1
       Mace              |       |    20 ||    20
 Cast: Sandblast         |    65 |   102 ||   167
  Use: Potion            |       |     1 ||     1
 Stab: Sleeping          |     1 |       ||     1
  Eat: Chunk             |     2 |     6 ||     8
Armor: Robe              |    32 |       ||    32
       Ring mail         |       |    47 ||    47
       Leather armour    |       |     9 ||     9
Dodge: Dodged            |    76 |    89 ||   165
Block: Shield            |       |     1 ||     1
